 Dungeon Crawl Stone Soup version 0.30-a0-862-g1aabd4f (webtiles) character file.

Game seed: 14606113349977147320

12354 Nithhogg the Severer (level 11, -5/111 HPs)
             Began as a Hill Orc Fighter on Mar 9, 2023.
             Was an Elder of the Shining One.
             Slain by an orc warrior
             ... wielding a +0 battleaxe
             ... led by an orc high priest
              (19 damage)
             ... on level 1 of the Orcish Mines.
             The game lasted 00:29:44 (12480 turns).

Nithhogg the Severer (Hill Orc Fighter)            Turns: 12480, Time: 00:29:44

Health: -5/111     AC: 12    Str: 24    XL:     11   Next: 92%
Magic:  18/18      EV: 10    Int:  8    God:    the Shining One [****..]
Gold:   936        SH:  0    Dex:  8    Spells: 10/10 levels left

rFire   . . .      SeeInvis .    w - +0 battleaxe
rCold   + + .      Faith    .    (shield currently unavailable)
rNeg    + + .      Spirit   .    b - +0 scale mail
rPois   .          Reflect  .    (no helmet)
rElec   .          Rampage  .    (no cloak)
rCorr   .                        (no gloves)
Will    .....                    (no boots) Stlth
                                 E - amulet of regeneration
HPRegen 1.18/turn                g - +4 ring of protection
MPRegen 0.16/turn                (no ring)

@: confused, mighty, glowing
A: clumsy 1, cold resistance 2, robust 1
a: Renounce Religion, Convert to Beogh, Divine Shield, Cleansing Flame


You were on level 1 of the Orcish Mines.
You worshipped the Shining One.
The Shining One was greatly pleased with you.
You visited 3 branches of the dungeon, and saw 14 of its levels.
You also visited: Sewer.

You collected 936 gold pieces.

Inventory:

Hand Weapons
 a - a +0 war axe
 d - a +2 scythe of protection
 i - the +7 quarterstaff of Imbalance {flame, *Noise Str+5 Dex-5 Stlth+}
   (You found it on level 6 of the Dungeon)

   Str:       It affects your strength (+5).
   Dex:       It affects your dexterity (-5).
   *Noise:    It may make noises in combat.
   Stlth:     It makes you more stealthy.
 w - a +0 battleaxe (weapon)
 F - a +5 eveningstar
Missiles
 f - 4 throwing nets (quivered)
Armour
 b - a +0 scale mail (worn)
 c - a +0 buckler
 x - the +1 leather armour of Qojyex {Harm}
   (You found it on level 8 of the Dungeon)

   Harm:      It increases damage dealt and taken.
 B - a +0 chain mail of poison resistance
Jewellery
 g - a +4 ring of protection (left hand)
 E - an amulet of regeneration (around neck)
Wands
 l - a wand of polymorph (11)
 v - a wand of flame (25)
 K - a wand of iceblast (5)
 N - a wand of digging (4)
Scrolls
 e - a scroll of immolation
 h - 3 scrolls of teleportation
 k - 9 scrolls of identify
 m - 2 scrolls of noise
 o - 2 scrolls of blinking
 t - a scroll of vulnerability
 u - a scroll of enchant armour {unknown}
 y - 3 scrolls of magic mapping
 C - 4 scrolls of fog {unknown}
 D - a scroll of amnesia
 H - a scroll of silence {unknown}
Potions
 n - a potion of magic {unknown}
 p - 2 potions of flight
 q - 2 potions of lignification
 r - 2 potions of attraction
 s - 2 potions of degeneration
 G - a potion of cancellation {unknown}
 I - a potion of brilliance {unknown}
 J - a potion of berserk rage {unknown}


   Skills:
 + Level 10.9 Fighting
 * Level 15.7 Axes
 + Level 10.0 Armour
 - Level 3.2 Shields
 + Level 9.8 Invocations


You had 10 spell levels left.
You didn't know any spells.
Your spell library contained the following spells:

 Spells                   Type           Power      Damage    Failure   Level
 Beastly Appendage        Tmut           0%         N/A       65%         1
 Summon Small Mammal      Summ           0%         N/A       65%         1
 Wereblood                Tmut           0%         N/A       80%         2
 Call Canine Familiar     Summ           0%         N/A       95%         3
 Spider Form              Tmut/Pois      0%         N/A       95%         3
 Summon Guardian Golem    Hex/Summ       0%         N/A       95%         3


Dungeon Overview and Level Annotations

Branches:
Dungeon (11/15)            Temple (1/1) D:4            Lair (0/5) D:10
    Orc (2/2) D:10          Sewer (visited)
    Elf: Orc:2

Altars:
Ashenzari
Cheibriados
Dithmenos
Elyvilon
Fedhas
Gozag
Hepliaklqana
Kikubaaqudgha
Makhleb
Nemelex Xobeh
Okawaru
Qazlal
Ru
Sif Muna
Trog
Uskayaw
Vehumet
Wu Jian
Xom
Yredelemnul
Zin
The Shining One

Shops:
D:4 [   D:5 !   D:6 [   D:9 ?


Innate Abilities, Weirdness & Mutations

You are clumsy. (Dex -2)
Your flesh is very cold resistant. (rC++)
You are robust. (+10% HP)


Message History

The warg bites you. The orc misses you.
You're too confused to move!
The orc warrior no longer looks unusually strong.
The orc wizard no longer looks unusually strong.
The warg bites you. The orc hits you with a +0 short sword.
You closely miss the orc warrior. You hit the warg but do no damage.
You completely miss the orc.
You feel less invigorated.
The orc no longer looks unusually strong. x2
The warg barely misses you.
You closely miss the orc warrior. You hit the orc.
You kill the orc!
The orc priest shouts, "Surrender to Beogh and we'll let you live!"
You slice the warg!!
The orc no longer looks unusually strong.
The warg bites you. The orc warrior closely misses you.
The warg bites you but does no damage.
You bump into the rock wall.
The orc sorcerer no longer looks unusually strong.
The orc warrior hits you with a +0 battleaxe!
* * * LOW HITPOINT WARNING * * *
The orc wizard gestures at you while chanting.
The magic dart hits you but does no damage.
The orc warrior closely misses you. The warg bites you!
* * * LOW HITPOINT WARNING * * *
You are too confused!
You slash the orc warrior!
The orc warrior is heavily wounded.
You hit the orc wizard. You barely miss the warg.
The orc wizard hits you but does no damage.
The orc warrior hits you with a +0 battleaxe.
* * * LOW HITPOINT WARNING * * *
The orc warrior hits you from afar with a +0 glaive.
* * * LOW HITPOINT WARNING * * *
The warg barely misses you.
You feel very mighty all of a sudden. The warg closely misses you.
The orc wizard hits you with a +0 dagger.
* * * LOW HITPOINT WARNING * * *
The orc warrior hits you with a +0 battleaxe!!
You die...

#........ .......
.. ......##.. ##
### .........
#.##..##.........
....$..#.#.....#
#..............
####............#
##@##..#..........
#oohoo....h.......
##o#oo............
##oooo............
#.oo..............
##.o....#.#....#..
##.o..o......>o..
#..........o....
..o..........o....


You could see an orc knight, an orc high priest, a warg, an orc sorcerer, 3 orc
warriors, 2 orc priests, an orc wizard (invisible) and 7 orcs.

Vanquished Creatures
  A two-headed ogre (D:10)
  Urug (D:10)
  Sonja (Orc:1)
  Pikel (D:6)
  Maggie (D:10)
  A kobold demonologist (D:10)
  A komodo dragon (D:10)
  A troll (D:9)
  Sigmund (D:6)
  A wraith (D:10)
  21 yaks
  2 wyverns (D:9)
  A steam dragon (D:7)
  2 wargs
  3 water moccasins
  A black bear (D:5)
  3 ice beasts
  3 orc warriors
  5 ogres
  2 lemures (D:6)
  3 centaurs
  6 kobold brigands
  A phantom (D:5)
  5 scorpions
  6 bullfrogs
  2 gnoll sergeants
  12 wights
  13 killer bees (D:9)
  A howler monkey (D:4)
  4 hounds
  2 jellies
  4 orc priests
  2 sleepcaps
  5 iguanas
  4 orc wizards
  14 gnolls
  12 adders
  2 shadow imps (D:7)
  2 white imps
  2 ufetubi
  2 worms
  2 dart slugs (D:1)
  41 orcs
  23 endoplasms
  12 giant cockroaches
  6 goblins
  9 hobgoblins
  5 jackals
  11 quokkas
  9 ball pythons
  6 bats
  14 frilled lizards
  28 kobolds
  9 rats
332 creatures vanquished.

Vanquished Creatures (others)
  15 plants (D:10)
15 creatures vanquished.

Grand Total: 347 creatures vanquished

Notes
Turn   | Place    | Note
-------+----------+-------------------------------------------
     0 | D:1      | Nithhogg the Hill Orc Fighter began the quest for the Orb.
     0 | D:1      | Reached XP level 1. HP: 19/19 MP: 1/1
     7 | D:1      | Noticed an elf
     7 | D:1      | Noticed a ghoul
     9 | D:1      | Noticed a minotaur
     9 | D:1      | Noticed a demigod
    11 | D:1      | Noticed a spriggan
    11 | D:1      | Noticed a naga
    13 | D:1      | Noticed a vine stalker
    15 | D:1      | Noticed a human
    17 | D:1      | Noticed a demonspawn
    17 | D:1      | Noticed a troll
    19 | D:1      | Noticed an armataur
    19 | D:1      | Noticed a meteoran
    21 | D:1      | Noticed a vampire
    21 | D:1      | Noticed an ogre
    23 | D:1      | Noticed a formicid
    25 | D:1      | Noticed a gargoyle
    25 | D:1      | Noticed a felid
    27 | D:1      | Noticed a tengu
    27 | D:1      | Noticed an octopode
    29 | D:1      | Noticed a human
    29 | D:1      | Noticed a merfolk
    31 | D:1      | Noticed a vine stalker
    72 | D:1      | Reached skill level 3 in Axes
    81 | D:1      | Reached XP level 2. HP: 25/27 MP: 2/2
   509 | D:1      | Reached XP level 3. HP: 33/33 MP: 3/3
  1066 | D:2      | Reached skill level 4 in Axes
  1162 | D:2      | Reached XP level 4. HP: 41/41 MP: 4/4
  1975 | D:3      | Noticed a scorpion
  1994 | D:3      | Killed a scorpion
  1995 | D:3      | Reached skill level 5 in Axes
  1995 | D:3      | Reached XP level 5. HP: 23/47 MP: 5/5
  2037 | D:3      | Reached skill level 5 in Fighting
  2299 | D:3      | Found a glowing drain.
  2309 | Sewer    | Entered a sewer
  2358 | Sewer    | Reached XP level 6. HP: 56/56 MP: 6/6
  2551 | Sewer    | Reached skill level 6 in Axes
  3003 | D:3      | Reached skill level 5 in Armour
  3200 | D:4      | Reached skill level 7 in Axes
  3200 | D:4      | Reached XP level 7. HP: 28/62 MP: 7/7
  3485 | D:4      | Found a bloodstained altar of Trog.
  3544 | D:4      | Found Fetovog's Antique Armour Shoppe.
  3604 | D:4      | Found a staircase to the Ecumenical Temple.
  3670 | Temple   | Entered the Ecumenical Temple
  3766 | Temple   | Became a worshipper of Elyvilon the Healer
  3826 | D:4      | Found a shadowy altar of Dithmenos.
  3890 | D:4      | Reached skill level 8 in Axes
  3890 | D:4      | Reached skill level 1 in Invocations
  3901 | D:4      | Reached XP level 8. HP: 30/71 MP: 7/9
  4388 | D:5      | Entered Level 5 of the Dungeon
  4551 | D:5      | Found Guxonk's Distillery.
  4787 | D:5      | Reached skill level 9 in Axes
  4974 | D:5      | Reached * piety under Elyvilon
  6166 | D:6      | Noticed Pikel
  6180 | D:6      | HP: 2/73 [scorpion (3)]
  6465 | D:6      | Noticed Sigmund
  6466 | D:6      | Reached ** piety under Elyvilon
  6577 | D:6      | Killed Sigmund
  6578 | D:6      | Reached skill level 10 in Axes
  6674 | D:6      | Reached XP level 9. HP: 34/79 MP: 10/12
  6833 | D:6      | Found Rulum's Armour Shop.
  7064 | D:6      | Gained mutation: You are vulnerable to heat. (rF-) [potion
                  | of mutation]
  7064 | D:6      | Gained mutation: Your flesh is cold resistant. (rC+)
                  | [potion of mutation]
  7065 | D:6      | Lost mutation: You are vulnerable to heat. (rF-) [potion of
                  | mutation]
  7065 | D:6      | Lost mutation: Your flesh is cold resistant. (rC+) [potion
                  | of mutation]
  7065 | D:6      | Gained mutation: You are clumsy. (Dex -2) [potion of
                  | mutation]
  7065 | D:6      | Gained mutation: You are robust. (+10% HP) [potion of
                  | mutation]
  7065 | D:6      | Gained mutation: Your flesh is cold resistant. (rC+)
                  | [potion of mutation]
  7065 | D:6      | Gained mutation: Your flesh is very cold resistant. (rC++)
                  | [potion of mutation]
  7246 | D:6      | Identified the +7 quarterstaff of Imbalance {flame, *Noise
                  | Str+5 Dex-5 Stlth+}
  7283 | D:6      | Killed Pikel
  7284 | D:6      | Reached skill level 11 in Axes
  7284 | D:6      | Reached skill level 5 in Invocations
  7854 | D:7      | Reached *** piety under Elyvilon
  7877 | D:7      | Found an iron altar of Okawaru.
  8264 | D:7      | Found a blossoming altar of Fedhas.
  8266 | D:7      | Found a hazy altar of Hepliaklqana.
  8469 | D:7      | Reached skill level 12 in Axes
  8476 | D:7      | Reached XP level 10. HP: 92/99 MP: 14/14
  8535 | D:7      | Found a sacrificial altar of Ru.
  8617 | D:7      | Reached **** piety under Elyvilon
  9389 | D:8      | Identified the +1 leather armour of Qojyex {Harm}
  9423 | D:8      | Found an opulent altar of Gozag.
  9743 | D:8      | Found a shimmering altar of Xom.
  9745 | D:8      | Found a glowing golden altar of the Shining One.
  9745 | D:8      | Found a sparkling altar of Nemelex Xobeh.
  9765 | D:8      | Found a blossoming altar of Fedhas.
  9765 | D:8      | Found a blossoming altar of Fedhas.
  9765 | D:8      | Found a shimmering altar of Xom.
  9806 | D:8      | Identified the +1 falchion of Law {antimagic, rF+ Int+3
                  | Dex+2}
  9881 | D:8      | Found a burning altar of Makhleb.
  9883 | D:8      | Noticed an Executioner
  9967 | D:8      | Found a glowing golden altar of the Shining One.
 10006 | D:8      | Fell from the grace of Elyvilon
 10006 | D:8      | Became a worshipper of the Shining One
 10006 | D:8      | Reached * piety under the Shining One
 10006 | D:8      | Reached ** piety under the Shining One
 10563 | D:9      | Reached skill level 13 in Axes
 10630 | D:9      | Found Jimed's Magic Scroll Emporium.
 10671 | D:9      | Reached *** piety under the Shining One
 11071 | D:9      | Reached skill level 14 in Axes
 11071 | D:9      | Reached XP level 11. HP: 108/108 MP: 17/17
 11212 | D:9      | Reached skill level 10 in Fighting
 11416 | D:10     | Entered Level 10 of the Dungeon
 11421 | D:10     | Noticed Maggie
 11429 | D:10     | Killed Maggie
 11439 | D:10     | Noticed Urug
 11459 | D:10     | HP: 1/108 [Urug/javelin (20)]
 11471 | D:10     | Killed Urug
 11687 | D:10     | Found a staircase to the Orcish Mines.
 11702 | D:10     | Found a sacrificial altar of Ru.
 11728 | D:10     | Reached skill level 15 in Axes
 12009 | D:10     | Noticed a two-headed ogre
 12011 | D:10     | Found a staircase to the Lair.
 12018 | D:10     | Killed a two-headed ogre
 12152 | D:10     | Found a glowing silver altar of Zin.
 12272 | Orc:1    | Entered Level 1 of the Orcish Mines
 12272 | Orc:1    | Noticed Sonja
 12280 | Orc:1    | Killed Sonja
 12284 | Orc:1    | Reached skill level 10 in Armour
 12409 | Orc:2    | Entered Level 2 of the Orcish Mines
 12439 | Orc:2    | Noticed a two-headed ogre
 12440 | Orc:2    | Noticed a two-headed ogre
 12441 | Orc:2    | Noticed a two-headed ogre
 12441 | Orc:2    | Noticed a two-headed ogre
 12441 | Orc:2    | Noticed a two-headed ogre
 12442 | Orc:2    | Reached **** piety under the Shining One
 12443 | Orc:2    | Noticed a two-headed ogre
 12443 | Orc:2    | Noticed a two-headed ogre
 12444 | Orc:2    | Noticed an ogre mage
 12452 | Orc:1    | Noticed an orc high priest
 12456 | Orc:1    | Noticed an orc knight
 12456 | Orc:1    | Noticed an orc sorcerer
 12480 | Orc:1    | Slain by an orc warrior

Illustrated notes

Levels and vault maps discovered:
D:1:      kb_arrival_jail, layout_basic, grunt_decor_fettered,
          minmay_tetromino_l2
D:2:      layout_loops_ring, grunt_decor_mini_mirrors
D:3:      layout_basic, cheibrodos_sewer_entry_drain, kennysheep_small_spiral
D:4:      minmay_opposing_rooms, layout_basic, trog_butcher_becter,
          mainiacjoe_overflow_alcove_1, minmay_temple_entry_metal_lava,
          kennysheep_windowed_goal
D:5:      layout_layer_cave, serial_shops, nicolae_shop_statue_plus,
          corexii_corridor_pit
D:6:      layout_gridville, serial_shops, nicolae_shop_trees,
          nicolae_figureground_sparkle, uniq_sigmund, uniq_pikel
D:7:      layout_cave_pods, chequers_temple_overflow_statue_of_worship,
          mainiacjoe_overflow_24_doors, minmay_ruined_shrine
D:8:      layout_loops_cross, nicolae_gozag_seed_capital, doesnt_xom_only_xom,
          nicolae_tso_carved_into_rock, makhleb_altar_promises_db,
          kennysheep_nub, minivault_5, chequers_serial_rivers_small_3
D:9:      layout_roguey, serial_aquarium, aquarium_bridge_square
          [aquarium_subvault_window, aquarium_subvault_wall,
          aquarium_subvault_bridge, aquarium_subvault_bridge],
          aquarium_window_corner, aquarium_window_corridor_2,
          aquarium_window_fake, aquarium_view_2b, aquarium_view_2a,
          serial_shops, shop
D:10:     layout_big_octagon, zin_treasury, hangedman_ru_absence,
          david_lair_shrubbed, orc_0_dummy, uniq_urug, uniq_maggie
D:11:     layout_irregular_city, serial_shops, nicolae_shop_statue_plus, shop,
          shop, shop_fountains, ebering_ghost_disaster_area,
          nicolae_uskayaw_en_pointe
Temple:   jpeg_temple_clearing
Orc:1:    layout_caves, uniq_sonja
Orc:2:    st_orc_ogre_mass, layout_caves, gammafunk_ghost_abyssal_escape,
          nicolae_shop_gadgets, uniq_azrael

Skill      XL: |  1  2  3  4  5  6  7  8  9 10 11 |
---------------+----------------------------------+-----
Axes           | 3 4 5 7 8 10 12 14 15 | 15.7
Fighting       | 4 5 6 7 8 9 10 | 10.9
Armour         | 4 5 6 7 9 10 | 10.0
Invocations    | 1 4 6 8 9 |  9.8
Shields        | |  3.2

Action                     |  1- 3 |  4- 6 |  7- 9 | 10-12 || total
---------------------------+-------+-------+-------+-------++-------
  Melee: War axe           |    70 |   269 |   215 |       ||   554
         Punch             |       |     1 |       |       ||     1
         Quarterstaff      |       |       |   102 |   105 ||   207
         Battleaxe         |       |       |       |   209 ||   209
         Eveningstar       |       |       |       |    12 ||    12
 Invoke: Divine Shield     |       |       |       |     1 ||     1
         Cleansing Flame   |       |       |       |     1 ||     1
  Evoke: Wand              |       |       |       |     4 ||     4
    Use: Scroll            |       |     5 |    12 |     6 ||    23
         Potion            |       |       |     8 |     6 ||    14
 Armour: Scale mail        |    37 |   171 |   255 |   196 ||   659
  Dodge: Dodged            |    37 |   141 |   227 |   246 ||   651
  Block: Other             |       |       |       |     2 ||     2

Table legend: (Time is in decaauts)
 A = Elapsed time spent in this place.
 B = Non-inter-level travel time spent in this place.
 C = Inter-level travel time spent in this place.
 D = Time resting spent in this place.
 E = Time spent auto-exploring this place.
 F = Levels seen in this place.
 G = Mean time per level.
                   A        B        C        D        E       F      G
               +--------+--------+--------+--------+--------+-----+--------+
         Total |  12715 |  12258 |    457 |   1277 |   8841 |  15 |  847.7 |
       Dungeon |  11837 |  11417 |    420 |   1277 |   8296 |  11 | 1076.1 |
        Temple |    105 |     84 |     21 |      0 |     67 |   1 |  105.0 |
  Orcish Mines |    211 |    197 |     14 |      0 |    131 |   2 |  105.5 |
         Sewer |    560 |    560 |      0 |      0 |    347 |   1 |  560.0 |
               +--------+--------+--------+--------+--------+-----+--------+

Top non-repeatable levels by time:
     D:5: 2030 daAuts
     D:7: 1643 daAuts
     D:6: 1262 daAuts
     D:9: 1142 daAuts
     D:4: 1106 daAuts
     D:8: 1095 daAuts
     D:1: 1052 daAuts
     D:2: 875 daAuts
     D:3: 848 daAuts
    D:10: 780 daAuts
   Sewer: 560 daAuts
   Orc:1: 173 daAuts
  Temple: 105 daAuts
   Orc:2: 38 daAuts
    D:11: 1 daAuts
